 Dungeon Crawl Stone Soup version 0.29.1-12-g30fa7ad0bf (webtiles) character file.

Game seed: 2006229749353689368

90 zeram the Poker (level 4, -2/34 HPs)
             Began as a Merfolk Gladiator on Dec 14, 2022.
             Slain by an adder skeleton (3 damage)
             ... on level 3 of the Dungeon.
             The game lasted 00:02:18 (1964 turns).

zeram the Poker (Merfolk Gladiator)                 Turns: 1964, Time: 00:02:19

Health: -2/34      AC:  4    Str: 16    XL:     4   Next: 56%
Magic:  4/4        EV: 13    Int:  7    God:
Gold:   157        SH:  3    Dex: 15    Spells: 3/3 levels left

rFire   . . .      SeeInvis .   a - +0 trident
rCold   . . .      Faith    .   n - +0 buckler
rNeg    . . .      Spirit   .   b - +0 leather armour
rPois   .          Reflect  .   c - +0 helmet
rElec   .          Harm     .   (no cloak)
rCorr   .          Rampage  .   (no gloves)
Will    .....                   (no boots)
Stlth   +.........              k - amulet of the acrobat
HPRegen 0.11/turn               (no ring)
MPRegen 0.09/turn               (no ring)

@: no status effects
A: (nimble swimmer 2), mertail
a: no special abilities


You were on level 3 of the Dungeon.
You visited 1 branch of the dungeon, and saw 3 of its levels.

You collected 157 gold pieces.

Inventory:

Hand Weapons
 a - a +0 trident (weapon)
Missiles
 d - 3 throwing nets (quivered)
 e - a javelin
Armour
 b - a +0 leather armour (worn)
 c - a +0 helmet (worn)
 n - a +0 buckler (worn)
Jewellery
 k - an amulet of the acrobat (around neck)
 m - a ring of poison resistance
 o - an amulet of guardian spirit
Scrolls
 g - 2 scrolls of immolation {unknown}
 p - 2 scrolls of amnesia {unknown}
 q - a scroll of fear {unknown}
 r - 7 scrolls of identify {unknown}
 s - a scroll of magic mapping {unknown}
Potions
 f - 2 potions of curing {unknown}
 h - 2 potions of haste {unknown}
 i - a potion of magic {unknown}
 j - a potion of brilliance {unknown}
 l - a potion of degeneration {unknown}


   Skills:
 + Level 2.7 Fighting
 + Level 5.4 Polearms
 - Level 2.0 Throwing
 + Level 0.7 Armour
 + Level 4.9 Dodging
 - Level 0.1 Stealth


You had 3 spell levels left.
You didn't know any spells.
Your spell library contained the following spells:

 Spells                   Type           Power      Damage    Failure   Level
 Summon Forest            Summ/Tloc      0%         N/A       100%        5
 Summon Mana Viper        Hex/Summ       0%         N/A       100%        5
 Summon Cactus Giant      Summ           0%         N/A       100%        6


Dungeon Overview and Level Annotations

Branches:
Dungeon (3/15)

Altars:
Elyvilon

Annotations:
D:3 Sigmund


Innate Abilities, Weirdness & Mutations

((You are very nimble when in or above water. (Stealth+, EV+, Speed+++)))
Your lower body shifts to a powerful aquatic tail in water.


Message History

You barely miss the hound skeleton.
The hound skeleton is almost destroyed.
The hound skeleton barely misses you.
The adder zombie bites you but does no damage.
You block the adder skeleton's attack. The adder skeleton bites you.
* * * LOW HITPOINT WARNING * * *
You block something's attack.
You hit the hound skeleton.
You destroy the hound skeleton!
The adder zombie barely misses you.
The adder skeleton bites you but does no damage.
You block the adder skeleton's attack.
Unknown command.
The adder skeleton misses you. x2; The adder zombie misses you.
The adder skeleton attacks as you move away!
The adder skeleton bites you.
* * * LOW HITPOINT WARNING * * *
The adder skeleton attacks as you move away!
The adder skeleton completely misses you.
You see here a quokka corpse.
The adder skeleton attacks as you move away!
The adder skeleton closely misses you.
The adder skeleton attacks as you move away!
The adder skeleton misses you.
The adder skeleton attacks as you move away!
You block the adder skeleton's attack.
The adder skeleton attacks as you move away!
The adder skeleton bites you but does no damage.
You puncture the adder skeleton!
The adder skeleton is heavily damaged.
The adder skeleton closely misses you.
You barely miss the adder skeleton.
The adder skeleton is heavily damaged.
The adder skeleton bites you.
* * * LOW HITPOINT WARNING * * *
The adder skeleton barely misses you.
You hit the adder skeleton but do no damage.
The adder skeleton is heavily damaged.
The adder skeleton bites you.
You die...

#....†....+
#.........###
....>....†...#
.......##8...##
...[..........#
.......##..ZZ.#
.......+..†Z..#
.......#####Z##
...... ..#@#
......###.#.#####
........#.......#
......#<#+.####.#
.............##.#
8#...........##.#
#.......8...##.#
#..<........'..#
#...........####


You could see an adder zombie, a scorpion zombie and 2 adder skeletons.

Vanquished Creatures
  A scorpion zombie (D:3)
  A hound skeleton (D:3)
  An adder skeleton (D:3)
  A worm (D:2)
  A dart slug (D:1)
  8 ball pythons
  4 endoplasms
  2 giant cockroaches (D:1)
  6 goblins
  5 hobgoblins
  4 kobolds
  3 quokkas
  2 bats
  6 frilled lizards
  2 rats (D:1)
47 creatures vanquished.

Notes
Turn   | Place    | Note
-------+----------+-------------------------------------------
     0 | D:1      | zeram the Merfolk Gladiator began the quest for the Orb.
     0 | D:1      | Reached XP level 1. HP: 16/16 MP: 1/1
   146 | D:1      | Reached XP level 2. HP: 17/22 MP: 2/2
   227 | D:1      | Found a faded altar of an unknown god.
   779 | D:1      | Reached XP level 3. HP: 23/28 MP: 3/3
  1035 | D:2      | Identified the +1 scale mail of Perfidy {rCorr Dex+2 SInv}
  1270 | D:2      | Found a white marble altar of Elyvilon.
  1563 | D:2      | Reached skill level 5 in Polearms
  1848 | D:3      | Reached XP level 4. HP: 30/34 MP: 4/4
  1943 | D:3      | Noticed Sigmund
  1963 | D:3      | HP: 1/34 [adder skeleton (3)]
  1964 | D:3      | Slain by an adder skeleton

Illustrated notes

Levels and vault maps discovered:
D:1:      psy_arrival_heroes, layout_rooms, shapermc_ecumenical_altar_ellora
D:2:      minmay_general_purpose_star, layout_loops_ring, basic_altar
D:3:      layout_basic, nicolae_hepliaklqana_monster_ancestors,
          portal_sewer_entry_f, serial_undead, serial_undead_f, serial_undead_c,
          serial_undead_a, serial_undead_c, serial_undead_e, serial_undead_a,
          serial_undead_c, serial_undead_a, serial_undead_a, serial_undead_d,
          uniq_terence, uniq_grinder, uniq_ijyb, uniq_natasha, uniq_sigmund

Skill      XL: |  1  2  3 |
---------------+----------+-----
Polearms       | 5 |  5.4
Fighting       | |  2.7
Throwing       | |  2.0
Armour         | |  0.7
Dodging        | |  4.9
Stealth        | |  0.1

Action                   |  1- 3 |  4- 6 || total
-------------------------+-------+-------++-------
Melee: Trident           |   171 |    30 ||   201
       Punch             |     1 |       ||     1
 Stab: Sleeping          |     3 |     1 ||     4
Armor: Leather armour    |    32 |     9 ||    41
Dodge: Dodged            |   103 |    26 ||   129
Block: Buckler           |       |     8 ||     8
